 Dungeon Crawl Stone Soup version 0.31.0-32-g396128a36d (webtiles) character file.

Game seed: 11895445485252228685

142508 Logoto the Warrior (level 17, 0/166 HPs)
             Began as a Hill Orc Berserker on Mar 18, 2024.
             Was a Priest of Trog.
             Succumbed to a swamp dragon's poison gas
             ... on level 4 of the Swamp on Mar 25, 2024.
             The game lasted 02:28:21 (34351 turns).

Logoto the Warrior (Hill Orc Berserker)            Turns: 34351, Time: 02:28:22

Health: 0/166      AC: 31    Str: 40    XL:     17   Next: 35%
Magic:  5/5        EV: 10    Int:  7    God:    Trog [***...]
Gold:   1625       SH: 16    Dex: 13    Spells: 16/16 levels left

rFire   + . .        b - +5 demon whip "Spellbinder" {antimagic, disrupt, Will+}
rCold   + + .        i - +0 tower shield
rNeg    + . .        W - +5 plate armour "Lyihil" {Str+3}
rPois   .            z - +2 helmet
rElec   .            X - scarf {rC+ rF+}
rCorr   .            y - +2 pair of gloves
SInv    .            o - +0 pair of boots of Lise {Will++ Str+3}
Will    ++++.        Q - amulet of the acrobat Stlth
                     M - +6 ring of strength
HPRegen 0.47/turn    l - ring "Foaseo" {^Drain rC+ rN+ Dex+3}
MPRegen 0.09/turn

%: acrobat
@: lethally poisoned (0 -> -10), on berserk cooldown, slowed, very slow
A: no striking features
a: Renounce Religion, Berserk, Trog's Hand


You were on level 4 of the Swamp.
You worshipped Trog.
Trog was most pleased with you.
You visited 4 branches of the dungeon, and saw 26 of its levels.
You also visited: Volcano.

You collected 3298 gold pieces.
You spent 1673 gold pieces at shops.

Inventory:

Hand Weapons
 b - the +5 demon whip "Spellbinder" (weapon) {antimagic, disrupt, Will+}
   (You found it on level 3 of the Dungeon)

   Will+:     It increases your willpower.
 B - the +4 war axe of Leyruwy {flame, rCorr}
   (You found it on level 1 of the Swamp)

   rCorr:     It protects you from acid and corrosion.
 E - a +1 heavy war axe
Missiles
 d - 62 poisoned darts
 P - 5 curare-tipped darts
Armour
 i - a +0 tower shield (worn)
 o - the +0 pair of boots of Lise (worn) {Will++ Str+3}
   (You acquired it on level 11 of the Dungeon)

   Str+3:     It affects your strength (+3).
   Will++:    It greatly increases your willpower.
 y - a +2 pair of gloves (worn)
 z - a +2 helmet (worn)
 H - a +1 pair of boots of flying
 W - the +5 plate armour "Lyihil" (worn) {Str+3}
   (You bought it in a shop on level 2 of the Orcish Mines)

   Str+3:     It affects your strength (+3).
 X - a scarf of resistance (worn)
Jewellery
 f - a ring of positive energy
 l - the ring "Foaseo" (right hand) {^Drain rC+ rN+ Dex+3}
   (You found it on level 3 of the Swamp)

   [ring of positive energy]

   Dex+3:     It affects your dexterity (+3).
   rC+:       It protects you from cold.
   rN+:       It protects you from negative energy.
   ^Drain:    It drains your maximum health when unequipped.
 D - a ring of see invisible
 J - a +5 ring of evasion
 M - a +6 ring of strength (left hand)
 Q - an amulet of the acrobat (around neck)
Wands
 n - a wand of roots (26)
 s - a wand of polymorph (13)
 C - a wand of flame (61)
 F - a wand of light (21)
 T - a wand of charming (10)
Scrolls
 a - a scroll of acquirement
 c - 3 scrolls of enchant armour
 e - 7 scrolls of revelation
 g - 17 scrolls of teleportation
 k - 2 scrolls of immolation
 r - 2 scrolls of torment
 u - 2 scrolls of enchant weapon
 v - 3 scrolls of poison
 w - 3 scrolls of vulnerability
 x - 5 scrolls of summoning
 A - 5 scrolls of fog
 G - 3 scrolls of blinking
 L - a scroll of brand weapon
 S - 3 scrolls of fear
 U - a scroll of silence
Potions
 h - 7 potions of attraction
 j - 5 potions of curing
 m - 2 potions of enlightenment
 p - 4 potions of cancellation
 q - 2 potions of lignification
 t - 2 potions of resistance
 K - 2 potions of mutation
 O - 3 potions of ambrosia
 R - a potion of might
 V - 4 potions of haste


   Skills:
 + Level 18.3 Fighting
 + Level 17.1(20.4) Axes
 + Level 15.7(18.0) Maces & Flails
 + Level 1.5 Throwing
 + Level 16.3 Armour
 + Level 6.1 Dodging
 + Level 3.1 Stealth
 + Level 9.9 Shields


You had 16 spell levels left.
You didn't know any spells.
Your spell library was empty.

Dungeon Overview and Level Annotations

Branches:
Dungeon (15/15)            Temple (0/1) D:4            Lair (5/5) D:11
  Swamp (4/4) Lair:3        Snake (0/4) Lair:2        Slime (0/5) Lair:4
    Orc (2/2) D:11            Elf (0/3) Orc:2        Vaults (0/5) D:14
 Depths (0/4) D:15        Volcano (visited)

Altars:
Ashenzari
Cheibriados
Elyvilon
Hepliaklqana
Kikubaaqudgha
Okawaru
Trog
Vehumet
Xom
Zin
Beogh

Shops:
D:8 [   Orc:1 (   Orc:2 ([([

Portals:
Trove: D:15 (give 5 scrolls of fear)

Annotations:
D:12 exclusion: ice statue
Lair:1 1 runed translucent door
Lair:5 1 runed translucent door, Rupert


Message History

You see here a swamp drake corpse.
There is a lethal amount of poison in your body!
There is a lethal amount of poison in your body!
You are too berserk!
You feel a strong urge to attack something.
You are no longer berserk.
You are exhausted.
You feel yourself slow down.
* * * LOW HITPOINT WARNING * * *
You feel extremely sick.
You feel better.
You start resting.
A swamp dragon comes into view.
The swamp dragon roars deafeningly!
The swamp dragon breathes poison at you.
You are engulfed in poison gas.
You are poisoned.
* * * LOW HITPOINT WARNING * * *
You feel very sick.
You feel sick.
You feel sick.
You enter the shallow water.
Moving in this stuff is going to be slow.
You feel sick.
You feel sick.
You are no longer poisoned.
The swamp dragon breathes poison at you.
The blast of poison misses you.
You are engulfed in poison gas.
You are poisoned.
* * * LOW HITPOINT WARNING * * *
x2 You feel extremely sick.
* * * LOW HITPOINT WARNING * * *
You feel very sick.
The swamp dragon breathes poison at you.
The blast of poison misses you.
You feel better.
You are engulfed in poison gas.
You are lethally poisoned!
* * * LOW HITPOINT WARNING * * *
You die...

§~§~~~~~..♣~~~...♣♣.~~♣
~~~~~~~.~~~~~.(.♣~...♣
♣.~~~~.♣§~♣♣♣~~).~♣♣
♣~..~.~...♣♣~....~♣
♣♣♣.~♣♣...~..~~..♣♣
♣<.).~♣♣♣.~~~~.♣♣
♣♣.○..~♣.~~~~~~~♣
♣♣○○~~~).....~~~.♣
♣♣♣○@○○~~~~.....~~.♣ ♣.~.
♣~.~.°○§.~§~~~~~~.~♣
♣~..♣♣♣♣♣♣.°°~~§~~~~~~~.♣♣♣♣
♣~~~~..♣♣♣.○D~~~~~~~~~§..♣♣
♣♣.~~~~.~♣♣♣♣.~~~~~§~~~~~.~♣
♣~.~~...~♣♣ ♣°~~~~~~~~~~~~~♣♣
♣~...~...♣♣♣.~..~~~~~~§~~~~♣♣
~♣~~...~.~♣♣...~..~~~♣.§~~§~~.
~[.~~~....#.~.≈♣~~~~~♣♣..~#~~.


You could see a swamp dragon (catching breath).

Vanquished Creatures
  A tentacled monstrosity (Swamp:2)
  4 thorn hunters
  An ironbound thunderhulk (D:14)
  A stone giant (D:15)
  3 bunyips
  Snorg (D:13)
  A fire dragon (Lair:5)
  An ettin (Orc:2)
  A shambling mangrove (Swamp:3)
  A vault guard (D:14)
  An ice dragon (Lair:4)
  14 hydras
  3 ogre magi
  The ghost of Qihugg the Schismatic, a journeyman DsAK of Lugonu (Orc:1)
  3 ghost crabs
  2 catoblepae (D:14)
  7 alligators
  5 centaur warriors
  2 boulder beetles (D:14)
  14 two-headed ogres
  3 tengu warriors
  3 spriggans
  Nergalle (D:10)
  Sonja (D:13)
  A death drake (Swamp:3)
  8 goliath frogs
  9 skeletal warriors
  3 swamp dragons (Swamp:4)
  3 skysharks
  A lindwurm (Lair:5)
  2 deep trolls (Orc:2)
  3 orc knights
  A bog body (Swamp:1)
  3 deep elf pyromancers
  2 harpies (shapeshifter)
  2 orc sorcerers (Orc:2)
  2 wolf spiders (Lair:5)
  18 ugly things
  5 will-o-the-wisps
  5 cyclopes
  3 manticores
  3 salamanders (Volcano)
  3 kobold blastminers
  A guardian serpent (Lair:5)
  18 cane toads
  8 black mambas
  3 gargoyles
  Joseph (D:7)
  A cane toad (shapeshifter) (D:14)
  5 torpor snails (Lair:5)
  Jeremiah (D:7)
  6 rime drakes
  4 komodo dragons
  An efreet (D:14)
  A tengu conjurer (D:14)
  8 polar bears
  10 trolls
  Grinder (D:3)
  Prince Ribbit (D:7)
  8 tyrant leeches
  A tarantella (shapeshifter) (D:14)
  26 blink frogs
  16 hornets
  10 dream sheep (Lair:5)
  A shadow (D:12)
  10 slime creatures
  19 wyverns
  A wraith (D:9)
  4 steam dragons
  7 humans
  A redback (Lair:5)
  3 fire bats (Volcano)
  50 yaks
  Grum (D:10)
  3 basilisks
  7 wargs
  8 vampire mosquitoes
  A spectral komodo dragon (Lair:3)
  A naga (Lair:2)
  7 swamp worms
  2 acid dragons (D:9)
  22 water moccasins
  Duvessa (D:4)
  A hell hound (Volcano)
  6 swamp drakes
  2 black bears
  A sky beast (D:7)
  2 ice beasts
  19 orc warriors
  22 ogres
  11 wolves
  4 boggarts (D:15)
  16 centaurs
  A phantom (D:6)
  4 kobold brigands
  A spectral wyvern (Lair:3)
  2 scorpions
  11 bullfrogs
  6 wights
  Dowan (D:4)
  4 electric eels
  5 howler monkeys
  4 bombardier beetles
  8 hounds
  7 jellies
  17 orc priests
  Crazy Yiuf (D:3)
  A gnoll bouda (D:5)
  Ijyb (D:3)
  4 sleepcaps
  14 orc wizards
  3 iguanas
  4 gnolls (D:5)
  13 adders
  3 white imps (Lair:4)
  6 dart slugs
  4 ribbon worms
  63 orcs
  4 bats
  8 endoplasms
  9 giant cockroaches
  10 goblins
  6 hobgoblins
  3 jackals (D:5)
  35 kobolds
  9 quokkas
  6 ball pythons
  3 frilled lizards
  2 rats (D:1)
799 creatures vanquished.

Vanquished Creatures (others)
  Gastronok (D:10)
  An orc wizard (D:8)
  18 foxfires
20 creatures vanquished.

Grand Total: 819 creatures vanquished

Notes
Turn   | Place    | Note
-------+----------+-------------------------------------------
     0 | D:1      | Logoto the Hill Orc Berserker began the quest for the Orb.
     0 | D:1      | Reached XP level 1. HP: 19/19 MP: 1/1
   277 | D:1      | Reached XP level 2. HP: 27/27 MP: 2/2
   355 | D:1      | Found a faded altar of an unknown god.
   426 | D:1      | Reached skill level 4 in Fighting
   573 | D:1      | Reached XP level 3. HP: 29/33 MP: 3/3
   933 | D:1      | Reached skill level 5 in Axes
  1135 | D:2      | Reached ** piety under Trog
  1382 | D:2      | Reached XP level 4. HP: 27/40 MP: 4/4
  1807 | D:3      | Found the +5 demon whip "Spellbinder" {antimagic, disrupt,
                  | Will+}
  1814 | D:3      | Found a runed translucent door.
  1816 | D:3      | Noticed Crazy Yiuf
  1826 | D:3      | Killed Crazy Yiuf
  1827 | D:3      | Reached XP level 5. HP: 47/47 MP: 1/5
  2366 | D:3      | Noticed Ijyb
  2374 | D:3      | Killed Ijyb
  2375 | D:3      | Reached skill level 1 in Maces & Flails
  2529 | D:3      | Noticed Grinder
  2536 | D:3      | Killed Grinder
  2537 | D:3      | Reached XP level 6. HP: 55/55 MP: 2/6
  3084 | D:4      | Reached XP level 7. HP: 60/60 MP: 2/7
  3098 | D:4      | Reached skill level 5 in Fighting
  3103 | D:4      | Reached skill level 5 in Maces & Flails
  3239 | D:4      | Reached skill level 1 in Stealth
  3321 | D:4      | You fall into a shaft and drop 3 floors!
  3410 | D:6      | Reached XP level 8. HP: 69/69 MP: 2/8
  3418 | D:6      | Reached *** piety under Trog
  3583 | D:6      | Noticed a two-headed ogre
  3591 | D:6      | Killed a two-headed ogre
  3592 | D:6      | Reached skill level 6 in Fighting
  3592 | D:6      | Reached skill level 5 in Armour
  3592 | D:6      | Reached XP level 9. HP: 71/77 MP: 3/9
  3758 | D:5      | Entered Level 5 of the Dungeon
  3788 | D:5      | Identified the +6 whip of Logoto's Destruction {drain,
                  | *Noise Int+5}
  4777 | D:4      | Found a staircase to the Ecumenical Temple.
  4816 | D:4      | Noticed Dowan
  4816 | D:4      | Noticed Duvessa
  4819 | D:4      | Killed Dowan
  4829 | D:4      | Killed Duvessa
  4830 | D:4      | Reached skill level 7 in Fighting
  5777 | D:7      | Reached skill level 10 in Maces & Flails
  5801 | D:7      | Noticed Prince Ribbit
  5991 | D:7      | Killed Prince Ribbit
  5997 | D:7      | Reached skill level 8 in Fighting
  5997 | D:7      | Reached XP level 10. HP: 88/88 MP: 3/10
  6131 | D:7      | Found an ancient bone altar of Kikubaaqudgha.
  6254 | D:7      | Noticed Joseph
  6270 | D:7      | Killed Joseph
  6505 | D:7      | Found a shimmering altar of Xom.
  6530 | D:7      | Found a shimmering altar of Xom.
  6530 | D:7      | Found a shimmering altar of Xom.
  6530 | D:7      | Found a shimmering altar of Xom.
  6531 | D:7      | Found a shimmering altar of Xom.
  6537 | D:7      | Found a shimmering altar of Xom.
  6697 | D:7      | Noticed Jeremiah
  6709 | D:7      | Killed Jeremiah
  7254 | D:8      | Found Hockiuck's Armour Shop.
  7260 | D:8      | Bought a +3 chain mail for 215 gold pieces
  7288 | D:8      | Identified the ring "Tipudoux" {rCorr Str+3 Int+3 Dex+2
                  | Slay-4}
  7362 | D:8      | Reached skill level 9 in Fighting
  7433 | D:8      | Reached **** piety under Trog
  7463 | D:8      | Noticed a two-headed ogre
  7482 | D:8      | Killed a two-headed ogre
  7567 | D:8      | Found a broken altar of Ashenzari.
  7568 | D:8      | Found a radiant altar of Vehumet.
  7569 | D:8      | Found a hazy altar of Hepliaklqana.
  7747 | D:8      | Found a white marble altar of Elyvilon.
  8478 | D:9      | Reached XP level 11. HP: 90/99 MP: 3/11
  8790 | D:9      | Found a snail-covered altar of Cheibriados.
  9232 | D:9      | Reached skill level 10 in Fighting
  9260 | D:9      | Noticed a two-headed ogre
  9275 | D:9      | Killed a two-headed ogre
  9437 | D:10     | Entered Level 10 of the Dungeon
  9439 | D:10     | Noticed Gastronok
  9531 | D:10     | Noticed Grum
  9541 | D:10     | Killed Grum
  9545 | D:10     | Noticed Nergalle
  9559 | D:10     | Killed Nergalle
  9570 | D:10     | Noticed a two-headed ogre
  9601 | D:10     | Killed a two-headed ogre
  9733 | D:10     | Reached skill level 11 in Fighting
 10141 | D:10     | Killed Gastronok
 10142 | D:10     | Reached skill level 10 in Armour
 10316 | D:10     | Found a bloodstained altar of Trog.
 10371 | D:10     | Found a glowing silver altar of Zin.
 10495 | D:10     | Reached XP level 12. HP: 101/110 MP: 4/12
 10531 | D:10     | Found the +4 skin of Zhor {*Englaciate rC+++ SInv}
 10842 | D:11     | Reached ***** piety under Trog
 10949 | D:11     | Found a staircase to the Lair.
 11156 | D:11     | Noticed a two-headed ogre
 11165 | D:11     | Killed a two-headed ogre
 11302 | D:11     | Reached skill level 12 in Fighting
 11343 | D:11     | Found a staircase to the Orcish Mines.
 12026 | Lair:1   | Entered Level 1 of the Lair of Beasts
 13119 | Lair:1   | Reached skill level 1 in Throwing
 13274 | Lair:1   | Reached skill level 13 in Fighting
 13345 | Lair:1   | Found a runed translucent door.
 13996 | Lair:2   | Reached XP level 13. HP: 122/122 MP: 4/13
 14090 | Lair:2   | Found a dark tunnel.
 14099 | Volcano  | Entered a volcano
 14985 | Lair:2   | Found a staircase to the Snake Pit.
 16747 | Lair:3   | Reached skill level 14 in Fighting
 16747 | Lair:3   | Reached skill level 15 in Maces & Flails
 16935 | Lair:3   | Found a staircase to the Swamp.
 17590 | Lair:4   | Found a staircase to the Slime Pits.
 18214 | Lair:4   | Reached skill level 5 in Dodging
 18628 | Lair:4   | Noticed an ice dragon
 18645 | Lair:4   | Killed an ice dragon
 18735 | Lair:5   | Entered Level 5 of the Lair of Beasts
 18798 | Lair:5   | Reached XP level 14. HP: 133/133 MP: 4/14
 18954 | Lair:5   | Found a runed translucent door.
 18955 | Lair:5   | Noticed Rupert
 19437 | Lair:5   | Reached skill level 15 in Fighting
 19828 | Lair:5   | Reached skill level 10 in Axes
 21313 | Lair:5   | Paralysed by a hornet for 3 turns
 21606 | Lair:5   | Received a gift from Trog
 22625 | Orc:1    | Entered Level 1 of the Orcish Mines
 22646 | Orc:1    | Noticed Qihugg's ghost (journeyman DsAK)
 22654 | Orc:1    | Found a runed translucent gate.
 22654 | Orc:1    | Found a runed translucent gate.
 22654 | Orc:1    | Found a runed translucent gate.
 22722 | Orc:1    | Found Xuusisme's Firing Range.
 23676 | Orc:1    | Reached XP level 15. HP: 143/143 MP: 15/15
 23738 | Orc:1    | Killed Qihugg's ghost
 23759 | Orc:1    | Identified the staff of Heantee {Int+7 Stlth- Tloc Fire
                  | Earth}
 23816 | Orc:2    | Entered Level 2 of the Orcish Mines
 23888 | Orc:2    | Found Hovvepn's Weapon Emporium.
 23890 | Orc:2    | Paralysed by an orc sorcerer for 2 turns
 23957 | Orc:2    | Paralysed by an ogre mage for 5 turns
 24046 | Orc:2    | Reached skill level 16 in Fighting
 24071 | Orc:2    | Reached skill level 1 in Shields
 24308 | Orc:2    | Found Onewue's Antique Weapon Emporium.
 24322 | Orc:2    | Found Lautomot's Armour Boutique.
 24329 | Orc:2    | Bought a runed battleaxe for 323 gold pieces
 24332 | Orc:2    | Found Vuwuziox's Antique Armour Shoppe.
 24360 | Orc:2    | Bought the +5 plate armour "Lyihil" {Str+3} for 858 gold
                  | pieces
 24378 | Orc:2    | Bought a pair of glowing boots for 277 gold pieces
 24565 | Orc:2    | Found a staircase to the Elven Halls.
 24573 | Orc:2    | Found a roughly hewn altar of Beogh.
 25220 | D:11     | Received a gift from Trog
 25732 | D:12     | Reached skill level 15 in Axes
 26425 | D:13     | Noticed Sonja
 26567 | D:13     | Killed Sonja
 27100 | D:13     | Noticed Snorg
 27116 | D:13     | Killed Snorg
 27479 | D:13     | Found a broken altar of Ashenzari.
 27935 | D:14     | Reached skill level 15 in Armour
 27935 | D:14     | Reached XP level 16. HP: 140/154 MP: 16/16
 28081 | D:14     | Reached skill level 5 in Shields
 28213 | D:14     | Reached skill level 17 in Fighting
 28762 | D:14     | Found a gate to the Vaults.
 28831 | D:15     | Entered Level 15 of the Dungeon
 29582 | D:11     | Identified 2 scrolls of acquirement
 29582 | D:11     | Acquired the +0 pair of boots of Lise {Will++ Str+3}
 29988 | D:15     | Found a staircase to the Depths.
 30242 | D:15     | Identified the amulet of Veuz {RegenMP rN+ Will- Str+5}
 30373 | D:15     | Found an iron altar of Okawaru.
 30547 | D:15     | Found a portal to a secret trove of treasure.
 30859 | Swamp:1  | Entered Level 1 of the Swamp
 31036 | Swamp:1  | Identified the +4 war axe of Leyruwy {flame, rCorr}
 31565 | Swamp:2  | Noticed a thorn hunter
 31584 | Swamp:2  | Noticed a tentacled monstrosity
 31627 | Swamp:2  | Noticed a thorn hunter
 31635 | Swamp:2  | Killed a tentacled monstrosity
 31638 | Swamp:2  | Killed a thorn hunter
 31641 | Swamp:2  | Killed a thorn hunter
 32530 | Swamp:3  | Noticed a thorn hunter
 32543 | Swamp:3  | Killed a thorn hunter
 32651 | Swamp:3  | Reached XP level 17. HP: 158/163 MP: 17/17
 32733 | Swamp:3  | Identified the ring "Foaseo" {^Drain rC+ rN+ Dex+3}
 33207 | Swamp:4  | Entered Level 4 of the Swamp
 33270 | Swamp:4  | Reached skill level 18 in Fighting
 34349 | Swamp:4  | HP: 4/166 [poisoned by a swamp dragon (poison gas)]
 34350 | Swamp:4  | HP: 1/166 [poisoned by a swamp dragon (poison gas)]
 34351 | Swamp:4  | Succumbed to a swamp dragon's poison gas

Illustrated notes

Levels and vault maps discovered:
D:1:      lemuel_arrival_broad_hall, layout_basic,
          shapermc_ecumenical_altar_rom_forum
D:2:      layout_basic
D:3:      layout_basic, dk_vineyard_2, glass_columns_b, uniq_ijyb, uniq_grinder,
          uniq_crazy_yiuf_cottage
D:4:      minmay_octagon_keep, layout_basic,
          minmay_temple_entry_statues_pillars, gup_sewer_entry_glass,
          uniq_duvessa
D:5:      layout_basic, st_stairs_9
D:6:      layout_rooms, amcnicky_mini_pool_small
D:7:      cheibrodos_quashed, layout_basic, lemuel_round_altar, xom_redecorated,
          minmay_misc_feat_roman, uniq_jeremiah, uniq_prince_ribbit1,
          uniq_joseph
D:8:      layout_loops_corners, gammafunk_temple_overflow_forgotten,
          elyvilon_altar_1, serial_shops, shop
D:9:      layout_loops_ring, cheibriados_altar_1, minmay_puff
D:10:     layout_rooms, zin_academy, lemuel_crystal_altar,
          hellmonk_guarded_unrand_zhor, uniq_nergalle, uniq_gastronok, uniq_grum
D:11:     layout_rooms, erik_lair_island, david_orc_1_choice,
          kennysheep_another_room
D:12:     lemuel_ice_statue, layout_basic
D:13:     layout_irregular_city, evilmike_ruin_ashenzari, uniq_sonja, uniq_snorg
D:14:     layout_gridville, hellmonk_vaults_keyhole
D:15:     grunt_enter_depths_giant_problem, layout_basic, serial_park_square1
          [serial_park_minivault_5x5_3], trove_entry_hex_spiral,
          skrybe_limestone_x, okawaru_metal_pillars_1_2
Lair:1:   dreamdust_labyrinth, layout_layer_cave
Lair:2:   layout_cave_pods, guppyfry_snake_entry_garden, enter_volcano_2,
          gammafunk_lair_bear_cave
Lair:3:   layout_regular_city, nicolae_swamp_entry_spooky, pond
Lair:4:   layout_cave_pods, nicolae_slime_entry_field_trip,
          bobbens_ice_dragon_lair
Lair:5:   wormcave, layout_loops_ring, hangedman_lair_tendril_chambers,
          gauntlet_entry_generic, chequers_serial_rivers_room_b,
          pdpol_lair_cabin_in_the_woods
Swamp:1:  layout_basic_swamp, evilmike_swamp_ruin_rubble_1, swamp_pool_3
Swamp:2:  layout_basic_swamp, evilmike_swamp_ruin_rubble_2
Swamp:3:  layout_basic_swamp, evilmike_swamp_ruin_wall, swamp_pool_3,
          nicolae_swamp_very_dense_foliage
Swamp:4:  swamp_old_school, layout_basic_swamp
Orc:1:    layout_diamond_mine, gammafunk_ghost_split, nicolae_shop_firing_range
Orc:2:    st_orc_open, layout_diamond_mine, basic_altar

Skill      XL: |  1  2  3  4  5  6  7  8  9 10 11 12 13 14 15 16 17 |
---------------+----------------------------------------------------+-----
Fighting       | 4 5 6 8 9 11 13 14 15 16 17 18 | 18.3
Axes           | 5 6 7 12 15 16 17 | 17.1
Dodging        | 2 3 4 5 6 |  6.1
Maces & Flails | 3 4 6 8 10 11 13 14 15 | 15.7
Armour         | 3 4 5 7 8 10 12 13 14 15 16 | 16.3
Stealth        | 1 2 3 |  3.1
Throwing       | 1 |  1.5
Shields        | 4 8 9 |  9.9

Action                     |  1- 3 |  4- 6 |  7- 9 | 10-12 | 13-15 | 16-18 || total
---------------------------+-------+-------+-------+-------+-------+-------++-------
  Melee: Hand axe          |   136 |    28 |       |       |       |       ||   164
         Demon whip        |       |    57 |   255 |   649 |   329 |    84 ||  1374
         Punch             |       |       |     2 |     8 |    12 |       ||    22
         Battleaxe         |       |       |       |       |    48 |       ||    48
         War axe           |       |       |       |       |   624 |   381 ||  1005
  Throw: Javelin           |       |     3 |       |     6 |     2 |       ||    11
 Invoke: Berserk           |     4 |     5 |    14 |    23 |    54 |    29 ||   129
         Trog's Hand       |       |       |       |       |       |     2 ||     2
    Use: Scroll            |       |     5 |     2 |     9 |     7 |     7 ||    30
         Potion            |       |       |       |     1 |     4 |     8 ||    13
   Stab: Sleeping          |     1 |       |       |       |       |       ||     1
         Distracted        |       |       |       |       |     1 |       ||     1
 Armour: Animal skin       |    73 |       |       |       |       |       ||    73
         Chain mail        |    22 |    47 |   204 |   316 |   560 |       ||  1149
         Leather armour    |       |       |       |       |    18 |       ||    18
         Ring mail         |       |       |       |       |     2 |       ||     2
         Plate armour      |       |       |       |       |   166 |   443 ||   609
         Skin              |       |       |       |       |       |     4 ||     4
  Dodge: Dodged            |    84 |    24 |   115 |   213 |   873 |   263 ||  1572
  Block: Tower shield      |       |       |       |       |   195 |   420 ||   615
